Map: Eastwatch LE

Players

Lillekanin - Winner!

  • Race: Terran Terran
  • Spawn Location: 7:00

VitamiN

  • Race: Zerg Zerg
  • Spawn Location: 1:00

Event: WCS Leipzig 2018

VOD

Have the link to the VOD?

Description

Time

  • Played on: Jan. 26, 2018, 7:56 a.m.
  • Length: 11:58

All games in this series

Show
View Real Time Build Order
Export as new Build Order

Lillekanin Terran - Winner!

Build Orders:  

Get SALT Encoding   

  12  0:00  SCV  
  13  0:13  SCV  
  14  0:17  Supply Depot  
  14  0:25  SCV  
  15  0:29  Refinery  
  15  0:39  SCV  
  16  0:45  Barracks  
  16  0:51  SCV  
  17  1:03  SCV  
  18  1:15  SCV  
  20  1:33  Orbital Command  
  20  1:34  Reaper  
  20  1:47  Command Center  
  20  1:58  Factory  
  20  2:02  SCV  
  20  2:07  Barracks Reactor  
  21  2:12  Refinery  
  21  2:15  SCV  
  21  2:20  Supply Depot  
  22  2:28  SCV  
  23  2:53  SCV, Starport  
  23  2:55  Hellion x2  
  28  3:00  Orbital Command  
  28  3:05  SCV  
  29  3:17  SCV, Cyclone  
  33  3:23  Cyclone  
  33  3:26  Barracks Tech Lab  
  39  4:02  Supply Depot  
  39  4:03  Supply Depot  
  36  4:11  Supply Depot  
  36  4:13  Supply Depot  
  36  4:24  Banshee  
  15  4:48  Marine  
  10  4:56  Cyclone  
  9  5:03  SCV x2  
  11  5:17  SCV  
  12  5:27  SCV  
  13  5:29  SCV  
  14  5:39  SCV  
  15  5:43  SCV  
  16  5:51  SCV  
  16  5:56  SCV  
  18  6:04  SCV  
  19  6:08  SCV  
  20  6:16  SCV  
  21  6:20  SCV  
  21  6:21  Factory Reactor  
  22  6:28  SCV  
  22  6:32  SCV, Starport Tech Lab  
  23  6:40  SCV  
  23  6:44  SCV  
  25  6:50  Supply Depot  
  25  6:52  SCV, Banshee  
  29  6:56  SCV  
  29  7:00  Supply Depot  
  30  7:04  SCV, Widow Mine x2  
  36  7:08  SCV  
  36  7:12  Marine  
  37  7:16  SCV  
  37  7:20  SCV  
  39  7:28  SCV  
  40  7:31  Cloaking Field  
  40  7:32  SCV  
  41  7:40  SCV  
  42  7:44  SCV  
  42  7:47  Supply Depot  
  43  7:52  Hellion x2, SCV  
  43  7:57  SCV  
  49  8:05  SCV  
  50  8:06  Factory  
  50  8:07  Factory  
  50  8:09  SCV, Refinery  
  50  8:11  Refinery  
  51  8:17  SCV  
  52  8:21  SCV  
  53  8:29  SCV  
  53  8:30  Engineering Bay  
  53  8:32  Armory  
  54  8:35  SCV  
  54  8:41  SCV  
  56  8:51  Factory Tech Lab  
  56  8:54  Factory Tech Lab  
  56  8:57  SCV  
  56  8:58  SCV  
  58  9:07  Missile Turret  
  58  9:08  Command Center  
  59  9:10  SCV  
  59  9:13  SCV  
  60  9:24  Thor x2  
  60  9:29  Missile Turret  
  72  9:36  Widow Mine x2  
  76  9:39  SCV x2  
  78  9:51  SCV  
  79  9:55  Terran Vehicle Weapons Level 1  
  79  9:59  Widow Mine x2  
  83  10:06  Missile Turret  
  83  10:08  SCV  
  83  10:10  SCV  
  85  10:16  Supply Depot  
  85  10:19  Hellion, Supply Depot, Siege Tank  
  85  10:20  Supply Depot  
  90  10:23  Orbital Command  
  90  10:24  Supply Depot  
  90  10:30  SCV, Missile Turret  
  91  10:38  Factory  
  91  10:40  SCV, Factory  
  92  10:43  SCV  
  92  10:45  Orbital Command, Missile Turret  
  93  10:50  Hellion x2  
  93  10:52  SCV  
  93  10:56  SCV  
  99  11:04  SCV  
  99  11:05  Siege Tank  
  99  11:06  Hellion  
  105  11:11  Hellion  
  105  11:13  Refinery  
  105  11:15  Refinery  
  107  11:21  SCV  
  107  11:22  SCV  
  107  11:23  Armory  
  109  11:25  Factory Tech Lab  
  109  11:26  Factory Reactor  
  109  11:31  SCV  
  109  11:32  Missile Turret x2  
  116  11:41  Missile Turret  
  113  11:49  Missile Turret  
Show
View Real Time Build Order
Export as new Build Order

VitamiN Zerg 

Build Orders: Pool First, Ravager All-In 

Get SALT Encoding   

  12  0:04  Drone  
  13  0:12  Overlord  
  13  0:19  Drone  
  14  0:23  Extractor  
  14  0:24  Drone  
  15  0:32  Drone  
  16  0:36  Drone  
  17  0:47  Spawning Pool  
  16  0:52  Drone  
  17  1:12  Hatchery  
  17  1:15  Drone  
  17  1:34  Zergling x4  
  17  1:35  Zergling x2  
  17  1:38  Extractor  
  19  1:40  Extractor  
  19  1:43  Roach Warren  
  19  1:46  Drone  
  18  2:06  Overlord  
  18  2:10  Drone  
  19  2:26  Roach x2  
  23  2:33  Roach  
  25  2:38  Roach  
  27  2:46  Roach x2  
  30  2:55  Ravager  
  31  3:08  Ravager  
  31  3:10  Overlord  
  31  3:20  Ravager  
  31  3:39  Ravager  
  32  3:45  Queen x2  
  32  3:47  Overlord  
  36  3:56  Ravager  
  36  4:02  Ravager  
  35  4:15  Roach x2  
  35  4:16  Roach  
  30  4:43  Drone x2  
  30  4:44  Drone  
  26  5:04  Drone  
  21  5:21  Drone  
  19  5:26  Drone  
  20  5:33  Drone  
  21  5:53  Drone x3  
  24  6:02  Drone x2  
  24  6:03  Drone  
  25  6:08  Ravager  
  26  6:16  Drone x2  
  25  6:34  Drone x3  
  28  6:52  Lair  
  28  6:55  Drone x3  
  31  7:03  Drone x2  
  31  7:04  Drone  
  34  7:14  Drone x3  
  37  7:28  Drone  
  37  7:29  Drone x2  
  40  7:32  Drone  
  40  7:33  Drone x2  
  40  7:36  Extractor  
  42  7:41  Drone x2  
  42  7:43  Overlord  
  44  7:48  Overlord  
  44  7:58  Spire  
  43  8:01  Drone  
  43  8:02  Drone  
  45  8:09  Drone x3, Extractor  
  47  8:23  Queen  
  47  8:24  Queen  
  44  8:31  Spore Crawler  
  29  8:51  Drone  
  29  8:52  Drone x4  
  34  8:59  Spore Crawler  
  33  9:06  Drone  
  33  9:09  Drone  
  34  9:27  Drone x2  
  34  9:28  Drone x3  
  39  9:35  Overseer  
  38  9:58  Mutalisk x4  
  38  9:59  Mutalisk  
  46  10:10  Drone x3  
  46  10:11  Drone  
  48  10:27  Glial Reconstitution  
  48  10:32  Drone  
  48  10:33  Drone x3  
  52  10:38  Drone x2  
  53  10:57  Drone x3  
  53  10:58  Drone x3  
  59  11:12  Overlord  
  59  11:17  Ravager  
  60  11:21  Overlord  
  60  11:22  Hatchery  
  59  11:33  Overlord x2  
  59  11:36  Ravager  
Tags
 
Add a new tag
Caveats
  • Supply blocks, unpowered buildings, or Contaminate may cause inaccurate times.
  • Supply counts are checked every 10 seconds.